 Dungeon Crawl Stone Soup version 0.31.0 (webtiles) character file.

Game seed: 1206071954768837120

12821 groovy9 the Protected (level 11, -3/73 HPs)
             Began as a Gargoyle Berserker on Jan 20, 2024.
             Was a High Priest of Trog.
             Slain by a komodo dragon (8 damage)
             ... on level 1 of the Lair of Beasts.
             The game lasted 00:32:23 (10135 turns).

groovy9 the Protected (Gargoyle Berserker)         Turns: 10135, Time: 00:32:24

Health: -3/73      AC: 44    Str: 25    XL:     11   Next: 99%
Magic:  11/11      EV:  8    Int:  8    God:    Trog [*****.]
Gold:   840        SH:  0    Dex: 17    Spells: 10/10 levels left

rFire   . . .        i - +1 war axe (elec)
rCold   . . .        p - orb {mayhem}
rNeg    + . .        a - +8 plate armour of the Equator {Dex+8}
rPois   ∞            z - +0 helmet
rElec   +            t - +0 cloak
rCorr   .            u - +0 pair of gloves
SInv    .            A - +2 pair of boots {rampage}
Will    .....        r - amulet of regeneration Stlth
                     d - +4 ring of protection
HPRegen 1.12/turn    (no ring)
MPRegen 0.12/turn

%: mayhem, rampage
@: studying Armour
A: sickness immunity, AC +8, negative energy resistance 1, electricity
resistance, torment resistance 1, petrification resistance
a: Renounce Religion, Berserk, Trog's Hand, Brothers in Arms


You were on level 1 of the Lair of Beasts.
You worshipped Trog.
Trog was extremely pleased with you.
You visited 3 branches of the dungeon, and saw 13 of its levels.
You also visited: Ossuary.

You collected 990 gold pieces.
You spent 150 gold pieces at shops.

Inventory:

Hand Weapons
 i - a +1 war axe of electrocution (weapon)
 o - a +0 battleaxe
 y - the +11 flail "Xeneiw" {heavy, rN+}
   (You found it on level 7 of the Dungeon)

   rN+:       It protects you from negative energy.
Armour
 a - the +8 plate armour of the Equator (worn) {Dex+8}
   (You acquired it on level 5 of the Dungeon)

   Dex+8:     It affects your dexterity (+8).
 p - an orb of mayhem (worn)
 t - a +0 cloak (worn)
 u - a +0 pair of gloves (worn)
 z - a +0 helmet (worn)
 A - a +2 pair of boots of rampaging (worn)
Jewellery
 d - a +4 ring of protection (left hand)
 r - an amulet of regeneration (around neck)
Wands
 e - a wand of charming (14)
 q - a wand of roots (8)
 w - a wand of mindburst (25)
Scrolls
 b - 2 scrolls of vulnerability
 c - 5 scrolls of teleportation
 f - a scroll of fear
 k - a scroll of fog
 m - 2 scrolls of identify
Potions
 g - 2 potions of resistance
 h - a potion of mutation
 j - 6 potions of curing
 l - a potion of lignification
 s - 6 potions of might
 v - 4 potions of heal wounds
 B - a potion of cancellation


   Skills:
 + Level 10.9 Fighting
 * Level 12.5 Axes
 + Level 13.7 Armour
 - Level 1.5 Dodging


You had 10 spell levels left.
You didn't know any spells.
Your spell library was empty.

Dungeon Overview and Level Annotations

Branches:
Dungeon (11/15)            Temple (1/1) D:7            Lair (1/5) D:8
    Orc (0/2) D:10        Ossuary (visited)

Altars:
Ashenzari
Cheibriados
Dithmenos
Elyvilon
Fedhas
Gozag
Hepliaklqana
Kikubaaqudgha
Makhleb
Nemelex Xobeh
Okawaru
Qazlal
Ru
Sif Muna
Trog
Uskayaw
Vehumet
Wu Jian
Xom
Yredelemnul
Zin
The Shining One

Shops:
D:6 [


Innate Abilities, Weirdness & Mutations

You are immune to sickness and miasma.
Your stone body is resilient. (AC +8)
You are immune to poison.
You resist negative energy. (rN+)
You are resistant to electric shocks. (rElec)
You are resistant to unholy torment.
You are immune to petrification.


Message History

The water moccasin bites you but does no damage.
You closely miss the water moccasin.
The water moccasin is lightly wounded.
The water moccasin barely misses you.
You miss the water moccasin.
The water moccasin is lightly wounded.
The water moccasin bites you.
You slash the water moccasin!
Lightning courses through the water moccasin!!
You kill the water moccasin!
Trog accepts your kill.
You closely miss the hornet.
The hornet stings you but does no damage. x2
You hit the hornet.
The hornet is lightly wounded.
The hornet stings you but does no damage.
You hit the hornet.
The hornet is lightly wounded.
The hornet stings you!
You slash the hornet! Lightning courses through the hornet!
You kill the hornet!
Trog accepts your kill.
The komodo dragon flies into a frenzy!
The komodo dragon bites you.
You barely miss the komodo dragon.
The komodo dragon completely misses you.
You hit the komodo dragon but do no damage.
The komodo dragon bites you!
You are too injured to fight recklessly!
You are too injured to fight recklessly!
You are too injured to fight recklessly!
You are too injured to fight recklessly!
You are too injured to fight recklessly!
You hit the komodo dragon but do no damage.
The komodo dragon bites you!
You slash the komodo dragon!
The komodo dragon is moderately wounded.
The komodo dragon bites you!!!
* * * LOW HITPOINT WARNING * * *
The komodo dragon bites you!
You die...

...###...## #...# ..
....##...P# #...# ..
.........## #...##
#. .........###
#...P# #.
.........#.####...#
..................#
.
..................#
#.
.................[##
#.
.........####.#.@..#
.. ..........
#+#.l†.# .........#
....#.... .........#
......##.....
........#...#.##..
..... ...... .# ..
##.. #### ... .. #..
..


You could see a neutral komodo dragon (fast, strong, frenzied).

Vanquished Creatures
  Erolcha (D:10)
  Erica (D:9)
  Maggie (D:7)
  A gargoyle (D:11)
  A komodo dragon (Lair:1)
  A rime drake (Lair:1)
  A troll (D:11)
  Grinder (D:3)
  4 blink frogs (Lair:1)
  A hornet (Lair:1)
  Sigmund (D:3)
  A shadow (D:11)
  3 yaks (Lair:1)
  A human (D:4)
  2 wraiths
  A wyvern (D:10)
  Grum (D:9)
  2 basilisks
  3 acid dragons
  5 water moccasins
  2 ice beasts (D:6)
  4 orc warriors
  2 black bears
  3 ogres
  4 centaurs
  13 wolves
  4 elf zombies
  3 kobold brigands (D:9)
  4 bullfrogs
  A gnoll sergeant (D:9)
  2 scorpions
  An elf skeleton (D:6)
  3 wights (D:10)
  9 killer bees (D:9)
  6 howler monkeys
  3 bombardier beetles
  3 centaur zombies (Ossuary)
  5 jellies
  2 hounds
  4 orc priests
  4 human zombies
  Crazy Yiuf (D:3)
  3 sleepcaps
  2 human skeletons (D:6)
  Ijyb (D:4)
  Natasha (thrice) (D:3)
  3 iguanas
  11 orc wizards
  4 hound zombies (Ossuary)
  2 mummies (Ossuary)
  Robin (D:4)
  5 gnolls (D:9)
  5 adders
  2 adder zombies (Ossuary)
  5 ribbon worms
  4 dart slugs
  40 orcs
  6 ball pythons
  7 endoplasms
  4 giant cockroaches
  5 gnoll zombies (Ossuary)
  15 goblins
  9 hobgoblins
  7 jackals
  21 kobolds
  4 quokkas
  A bat (D:3)
  3 frilled lizards
  5 jackal zombies (Ossuary)
  8 kobold zombies (Ossuary)
  2 orc skeletons (D:6)
  7 orc zombies
  6 rats
317 creatures vanquished.

Vanquished Creatures (collateral kills)
  2 cane toads (Lair:1)
  A yak (Lair:1)
  A black bear (Lair:1)
  A wight (D:10)
  An orc wizard (D:10)
6 creatures vanquished.

Vanquished Creatures (others)
  A blink frog (Lair:1)
  A wight (D:10)
2 creatures vanquished.

Grand Total: 325 creatures vanquished

Notes
Turn   | Place    | Note
-------+----------+-------------------------------------------
     0 | D:1      | groovy9 the Gargoyle Berserker began the quest for the Orb.
     0 | D:1      | Reached XP level 1. HP: 14/14 MP: 1/1
   172 | D:1      | Reached XP level 2. HP: 16/19 MP: 2/2
   807 | D:2      | Reached XP level 3. HP: 23/23 MP: 3/3
  1355 | D:3      | Noticed Natasha
  1364 | D:3      | Killed Natasha
  1365 | D:3      | Reached skill level 3 in Armour
  1365 | D:3      | Reached XP level 4. HP: 29/29 MP: 4/4
  1464 | D:3      | Noticed Natasha
  1483 | D:3      | Killed Natasha
  1515 | D:3      | Noticed Sigmund
  1518 | D:3      | Reached XP level 5. HP: 32/33 MP: 5/5
  1530 | D:3      | Killed Sigmund
  1531 | D:3      | Reached skill level 4 in Armour
  1531 | D:3      | Reached XP level 6. HP: 39/39 MP: 6/6
  1562 | D:3      | Reached ** piety under Trog
  1628 | D:3      | Noticed Grinder
  1649 | D:3      | Killed Grinder
  1650 | D:3      | Reached skill level 5 in Fighting
  1650 | D:3      | Reached skill level 5 in Axes
  1650 | D:3      | Reached XP level 7. HP: 41/44 MP: 7/7
  1848 | D:3      | Noticed Natasha
  1850 | D:3      | Killed Natasha
  2130 | D:3      | Found a runed translucent door.
  2131 | D:3      | Noticed Crazy Yiuf
  2146 | D:3      | Noticed a moth of wrath
  2165 | D:3      | Killed Crazy Yiuf
  2195 | D:3      | Found a bloodstained altar of Trog.
  2259 | D:3      | Identified the +0 dagger "Rofe" {flame, *Rage rCorr Str+4
                  | Int+6}
  2307 | D:3      | Found a snail-covered altar of Cheibriados.
  2402 | D:3      | Found a glowing golden altar of the Shining One.
  2569 | D:4      | Noticed Robin
  2576 | D:4      | Killed Robin
  2630 | D:4      | Noticed Ijyb
  2638 | D:4      | Killed Ijyb
  2919 | D:4      | Reached skill level 5 in Armour
  3164 | D:4      | Reached *** piety under Trog
  3170 | D:4      | Found a runed translucent door.
  3170 | D:4      | Noticed a human
  3175 | D:4      | Found a basalt altar of Yredelemnul.
  3204 | D:4      | Killed a human
  3349 | D:5      | Entered Level 5 of the Dungeon
  3363 | D:5      | Reached XP level 8. HP: 46/51 MP: 8/8
  3471 | D:5      | Identified a scroll of acquirement
  3471 | D:5      | Acquired the +8 plate armour of the Equator {Dex+8}
  3654 | D:5      | Reached skill level 6 in Armour
  3847 | D:5      | Found an ornate altar of the Wu Jian Council.
  3936 | D:5      | Found a hazy altar of Hepliaklqana.
  3937 | D:5      | Found a shadowy altar of Dithmenos.
  3937 | D:5      | Noticed a shadow
  4087 | D:6      | Reached skill level 7 in Armour
  4104 | D:6      | Reached XP level 9. HP: 48/56 MP: 9/9
  4187 | D:6      | Found a sand-covered staircase.
  4193 | Ossuary  | Entered an ossuary
  4330 | Ossuary  | Reached skill level 8 in Armour
  4343 | Ossuary  | Reached **** piety under Trog
  4596 | D:6      | Found a sacrificial altar of Ru.
  4678 | D:6      | You fall into a shaft and drop 1 floor!
  4735 | D:7      | Found a radiant altar of Vehumet.
  4815 | D:7      | Reached skill level 9 in Armour
  4911 | D:7      | Found a staircase to the Ecumenical Temple.
  4921 | Temple   | Entered the Ecumenical Temple
  4949 | D:7      | Noticed Maggie
  4959 | D:7      | Killed Maggie
  4960 | D:7      | Reached XP level 10. HP: 64/64 MP: 10/10
  5188 | D:7      | Identified the +11 flail "Xeneiw" {heavy, rN+}
  5925 | D:6      | Reached skill level 10 in Armour
  6073 | D:6      | Found Utooc's Antique Armour Boutique.
  6091 | D:6      | Bought a pair of embroidered boots for 150 gold pieces
  6439 | D:8      | Found an opulent altar of Gozag.
  6506 | D:8      | Identified the +4 mace "Zefer" {antimagic, rF+ Str+3 Int+9
                  | Dex-2}
  6896 | D:8      | Found a staircase to the Lair.
  7132 | D:9      | Noticed Erica
  7147 | D:9      | Killed Erica
  7148 | D:9      | Reached skill level 10 in Axes
  7225 | D:9      | Noticed Grum
  7235 | D:9      | Killed Grum
  7296 | D:9      | Reached skill level 11 in Armour
  7910 | D:9      | Found a shimmering blue altar of Sif Muna.
  8052 | D:9      | Found a hide-covered altar of Uskayaw.
  8239 | D:10     | Entered Level 10 of the Dungeon
  8375 | D:10     | Noticed Erolcha
  8390 | D:10     | Killed Erolcha
  8391 | D:10     | Reached XP level 11. HP: 51/72 MP: 11/11
  8408 | D:10     | Reached skill level 12 in Armour
  8495 | D:10     | Reached ***** piety under Trog
  8757 | D:10     | Found a staircase to the Orcish Mines.
  9065 | D:11     | Found an iron altar of Okawaru.
  9104 | D:11     | Reached skill level 10 in Fighting
  9358 | D:11     | Identified the +6 quarterstaff "Neveloh" {heavy, *Slow
                  | Str+4 SInv} (Trog gifted it to you on level 11 of the
                  | Dungeon)
  9358 | D:11     | Received a gift from Trog
  9711 | Lair:1   | Entered Level 1 of the Lair of Beasts
  9793 | Lair:1   | Reached skill level 13 in Armour
 10135 | Lair:1   | Slain by a komodo dragon

Illustrated notes

Levels and vault maps discovered:
D:1:      dpeg_arrival_long_road, layout_loops_ring
D:2:      layout_basic, hangedman_decor_opposing
D:3:      layout_basic, mainiacjoe_overflow_alcove_2, kennysheep_slug_shrine,
          tgw_trog, minmay_quantized, uniq_natasha, uniq_sigmund, uniq_grinder,
          uniq_crazy_yiuf_cottage
D:4:      layout_loops_cross, dk_yredelemnul_ordeal, uniq_robin, uniq_ijyb
D:5:      layout_rooms, riverfiend_overflow_shadow_ancestor, kennysheep_mini,
          serial_glass, glass_columns_a, glass_columns_a, item_on_display_a
D:6:      layout_rooms, nicolae_ru_sacrificial_ziggurat,
          nicolae_ossuary_entry_catacombs, serial_shops, shop_coins,
          kennysheep_small_spiral, minmay_between
D:7:      layout_basic, nicolae_vehumet_radiance, minmay_temple_entry_waves,
          uniq_maggie
D:8:      layout_gridville, lemuel_tele_altar, lair_entry_dummy,
          reono_crystal_passage, chequers_serial_rivers_room_a
D:9:      layout_stronghold, kennysheep_orc_sif_temple,
          nicolae_uskayaw_dance_studio, grunt_ministairs_14,
          wad_floor_pattern_2, uniq_grum, uniq_erica
D:10:     layout_irregular_city, hiddenorc1_lemuel, uniq_erolcha
D:11:     layout_loops_ring, hangedman_abyss_or_decor_stabs, dk_noncrumbling_4,
          okawaru_metal_pillars_1_2
Temple:   nicolae_temple_ecumenical_triangle
Lair:1:   layout_long_grid, serial_bayou_lagoon_b, grunt_megastairs_2,
          lemuel_fruit_tree

Skill      XL: |  1  2  3  4  5  6  7  8  9 10 11 |
---------------+----------------------------------+-----
Axes           | 3 4 5 6 7 9 11 12 | 12.5
Armour         | 3 4 5 7 9 11 13 | 13.7
Fighting       | 4 5 6 8 9 10 | 10.9
Dodging        | |  1.5

Action                     |  1- 3 |  4- 6 |  7- 9 | 10-12 || total
---------------------------+-------+-------+-------+-------++-------
  Melee: Hand axe          |    40 |       |       |       ||    40
         War axe           |    38 |    36 |   394 |   415 ||   883
         Punch             |     1 |       |     5 |     3 ||     9
 Invoke: Berserk           |     2 |     3 |     8 |     7 ||    20
         Trog's Hand       |       |     1 |     1 |     3 ||     5
    Use: Scroll            |       |       |    14 |    12 ||    26
   Stab: Sleeping          |     2 |       |       |       ||     2
         Distracted        |       |       |       |     1 ||     1
 Armour: Animal skin       |    26 |       |       |       ||    26
         Scale mail        |    12 |    27 |    10 |       ||    49
         Chain mail        |       |       |   114 |       ||   114
         Plate armour      |       |       |   175 |   385 ||   560
  Dodge: Dodged            |    46 |    12 |   143 |   147 ||   348
